 Dungeon Crawl Stone Soup version 0.27.1-1-g398f81649c (webtiles) character file.

Game seed: 12860045471124311540

95 Rickety the Sneak (level 4, -5/21 HPs)
             Began as a Spriggan Enchanter on Sept 20, 2021.
             Slain by a centaur (6 damage)
             ... on level 3 of the Dungeon.
             The game lasted 00:04:45 (3005 turns).

Rickety the Sneak (Spriggan Enchanter)              Turns: 3005, Time: 00:04:46

Health: -5/21      AC:  2    Str:  4    XL:     4   Next: 39%
Magic:  0/9        EV: 17    Int: 16    God:
Gold:   165        SH:  0    Dex: 16    Spells: 3/9 levels left

rFire    . . .     SeeInvis +   a - +1 dagger
rCold    . . .     Faith    .   (shield restricted)
rNeg     . . .     Spirit   .   b - +0 robe
rPois    .         Reflect  .   (helmet restricted)
rElec    .         Harm     .   (no cloak)
rCorr    .         Rampage  .   (gloves unavailable)
Will     .....                  (boots unavailable)
Stlth    +++.......             (no amulet)
HPRegen  0.07/turn              (no ring)
MPRegen  0.11/turn              (no ring)

@: very quick
A: very small, no large weapons, unfitting armour, see invisible, speed 3
a: no special abilities


You were on level 3 of the Dungeon.
You visited 1 branch of the dungeon, and saw 3 of its levels.

You collected 165 gold pieces.

Inventory:

Hand Weapons
 a - a +1 dagger (weapon)
Armour
 b - a +0 robe (worn)
Scrolls
 e - a scroll of enchant armour {unknown}
 f - a scroll of teleportation {unknown}
 g - a scroll of noise {unknown}
Potions
 c - 3 potions of flight {unknown}
 d - 2 potions of lignification {unknown}
 h - a potion of curing {unknown}


   Skills:
 + Level 0.2 Fighting
 + Level 2.0 Short Blades
 + Level 3.1 Dodging
 * Level 6.4 Stealth
 + Level 3.3 Spellcasting
 + Level 4.0 Hexes
 + Level 0.2 Ice Magic


You had 3 spell levels left.
You knew the following spells:

 Your Spells              Type           Power      Damage    Failure   Level
a - Corona                Hex            16%        N/A       3%          1
b - Ensorcelled Hibernat  Hex/Ice        18%        N/A       12%         2
c - Confusing Touch       Hex            15%        N/A       11%         3

Your spell library contained the following spells:

 Spells                   Type           Power      Damage    Failure   Level
 Tukima's Dance           Hex            15%        N/A       11%         3
 Dazzling Flash           Conj/Hex       18%        N/A       24%         3


Dungeon Overview and Level Annotations

Branches:
Dungeon (3/15)

Altars:


Innate Abilities, Weirdness & Mutations

You are very small and have problems with some larger weapons.
You are too small for most types of armour.
You have supernaturally acute eyesight. (SInv)
You cover ground extremely quickly. (Speed+++)


Message History

Found a knobbly agate ring.
Casting: Ensorcelled Hibernation (safe; 12% risk of failure)
Confirm with . or Enter, or press ? or * to list all spells.
Aiming: Ensorcelled Hibernation (safe; 12% risk of failure)
Press: ? - help, Shift-Dir - straight line, f - hobgoblin
Aim: a hobgoblin (chance to affect: 58%)
The hobgoblin looks drowsy...
The centaur wields a +0 shortbow.
The centaur shoots an arrow.
The arrow barely misses you.
Your magical contamination has completely faded away.
The helpless hobgoblin fails to defend itself.
You impale the hobgoblin!!
You kill the hobgoblin!
The centaur shoots an arrow.
The arrow closely misses you.
Casting: Ensorcelled Hibernation (safe; 12% risk of failure)
Confirm with . or Enter, or press ? or * to list all spells.
Aiming: Ensorcelled Hibernation (safe; 12% risk of failure)
Press: ? - help, Shift-Dir - straight line, f - centaur
Aim: a centaur, wielding a +0 shortbow and quivering arrows (chance to affect: 40%)
The centaur resists with some effort.
The centaur shoots an arrow.
The arrow closely misses you.
Unknown command.
Casting: Ensorcelled Hibernation (safe; 12% risk of failure)
Confirm with . or Enter, or press ? or * to list all spells.
Aiming: Ensorcelled Hibernation (safe; 12% risk of failure)
Press: ? - help, Shift-Dir - straight line, f/p - centaur
Aim: a centaur, wielding a +0 shortbow and quivering arrows (chance to affect: 40%)
The centaur resists with some effort.
The centaur shoots an arrow.
The arrow hits you.
The centaur shoots an arrow.
The arrow closely misses you.
The centaur shoots an arrow.
The arrow hits you!
Ouch! That really hurt!
* * * LOW HITPOINT WARNING * * *
You see here a hobgoblin corpse.
You are too injured to fight recklessly!
Unknown command.
The centaur unwields a +0 shortbow.
The centaur completely misses you. The centaur barely misses you.
You hit the centaur.
The centaur is lightly wounded.
The centaur hits you.
You die...

.# .# .#. .# .#.#.. ##.#
###.#... #..# #...#..#
######
####.######..##)##......
......................
.#......####..#..c.#.##
<###.##.....†...@.....#
.# #.#####.....†......#
.# #.##....#..........#
.###.##.####....#.##=##
....... #.#..#.# #
....... #.##...# .......
..##.#..# .#..###
##.#..#..# .# ..# #....#
...


You could see a centaur.

Vanquished Creatures
  2 adders (D:2)
  A worm (D:3)
  4 dart slugs
  An orc (D:3)
  6 bats
  5 endoplasms
  2 giant cockroaches
  8 hobgoblins
  6 jackals
  5 kobolds
  11 ball pythons
  A frilled lizard (D:2)
  5 rats
57 creatures vanquished.

Notes
Turn   | Place    | Note
-------+----------+-------------------------------------------
     0 | D:1      | Rickety the Spriggan Enchanter began the quest for the Orb.
     0 | D:1      | Reached XP level 1. HP: 9/9 MP: 5/5
   775 | D:1      | Reached XP level 2. HP: 13/13 MP: 4/6
   778 | D:1      | Learned a level 2 spell: Ensorcelled Hibernation
  1108 | D:1      | Reached skill level 5 in Stealth
  1737 | D:1      | Found a faded altar of an unknown god.
  1917 | D:2      | Reached XP level 3. HP: 16/16 MP: 5/8
  1921 | D:2      | Learned a level 3 spell: Confusing Touch
  2158 | D:2      | Reached skill level 6 in Stealth
  2417 | D:2      | Reached XP level 4. HP: 21/21 MP: 9/9
  2997 | D:3      | Noticed a centaur
  3003 | D:3      | HP: 1/21 [centaur/arrow (15)]
  3005 | D:3      | Slain by a centaur

Illustrated notes

Levels and vault maps discovered:
D:1:      dpeg_arrival_water_temple_mockup, layout_loops_ring,
          shapermc_ecumenical_altar_ellora
D:2:      layout_rooms, minmay_strange_pillars, nrook_mini_backslash,
          minmay_pentomino_w4
D:3:      layout_rooms, nzn_wu_jian_contemplation, hangedman_decor_lopped,
          minmay_misc_feat_nine_boxes, grunt_decor_clamped

Skill      XL: |  1  2  3  4 |
---------------+-------------+-----
Stealth        | 5 6 |  6.4
Spellcasting   | 3 |  3.3
Dodging        | 3 |  3.1
Hexes          | 4 |  4.0
Short Blades   | 2 |  2.0
Fighting       | |  0.2
Ice Magic      | |  0.2

Action                   |  1- 3 |  4- 6 || total
-------------------------+-------+-------++-------
Melee: Dagger            |   113 |    36 ||   149
 Cast: Corona            |     9 |       ||     9
       Ensorcelled Hiber |    19 |     8 ||    27
 Stab: Sleeping          |    22 |    12 ||    34
Armor: Robe              |    15 |     3 ||    18
Dodge: Dodged            |   109 |    24 ||   133
